SAA
BETHESDA ATOMS @ IRVING BLUE SOX
08/02/2028
 
TOP OF THE 1ST
Bethesda Atoms batting - Pitching for Irving Blue Sox : RHP Anastasio Enríquez
Pitching: RHP Anastasio Enríquez
Batting: RHB Renato Zuvic 0-0: Ball
1-0: Swinging Strike
1-1: Foul Ball, location: 2F
1-2: Strikes out looking
Batting: RHB José Leyva 0-0: Foul Ball, location: 2F
0-1: Called Strike
0-2: Ball
1-2: Ball
2-2: Strikes out swinging
Batting: LHB Javier Antonio 0-0: Ball
1-0: Ball
2-0: Foul Ball, location: 2F
2-1: Swinging Strike
2-2: Ball
3-2: Base on Balls
Batting: RHB Enrique Ibarra 0-0: Ball
1-0: DOUBLE (Flyball, 89D)
Javier Antonio to third
Batting: SHB Nuygen Vuong 0-0: Called Strike
0-1: Swinging Strike
0-2: Strikes out looking
Top of the 1st over - 0 run(s), 1 hit(s), 0 error(s), 2 left on base; Bethesda 0 - Irving 0
BOTTOM OF THE 1ST
Irving Blue Sox batting - Pitching for Bethesda Atoms : LHP Phil Miller
Pitching: LHP Phil Miller
Batting: RHB Sung-min Pae 0-0: Ball
1-0: Foul Ball, location: 2F
1-1: Ball
2-1: Ball
3-1: Base on Balls
Batting: RHB José Costello 0-0: Called Strike
Pickoff Throw to First - Error! E1
Sung-min Pae to second
0-1: Ball
1-1: Foul Ball, location: 2F
1-2: Fly out, F9 (Flyball, 9S)
Batting: RHB Abel Boga 0-0: Ball
1-0: Ball
2-0: Ball
3-0: Base on Balls
Batting: RHB Cisco Hernández 0-0: Grounds into double play, 4-6-3 (Groundball, 4)
Bottom of the 1st over - 0 run(s), 0 hit(s), 1 error(s), 1 left on base; Bethesda 0 - Irving 0
TOP OF THE 2ND
Bethesda Atoms batting - Pitching for Irving Blue Sox : RHP Anastasio Enríquez
Batting: RHB Albert Zamudio 0-0: Called Strike
0-1: Ball
1-1: Ball
2-1: Ball
3-1: Base on Balls
Batting: SHB Pedro Ortega 0-0: Ball
1-0: Ball
2-0: TRIPLE (Line Drive, 7D)
Albert Zamudio scores
Batting: RHB Juan Camacho 0-0: Ball
1-0: Called Strike
1-1: SINGLE (Groundball, 6S) (infield hit)
Pedro Ortega scores
Batting: RHB Raúl Francisco 0-0: Foul Ball, location: 2F
0-1: Foul Ball, location: 2F
0-2: Ball
1-2: Strikes out looking
Batting: RHB Renato Zuvic 0-0: Ball
1-0: Called Strike
1-1: Foul Ball, location: 2F
1-2: Ball
2-2: Strikes out looking
Batting: RHB José Leyva 0-0: Ball
1-0: Ball
2-0: Called Strike
2-1: Called Strike
2-2: Strikes out swinging
Top of the 2nd over - 2 run(s), 2 hit(s), 0 error(s), 1 left on base; Bethesda 2 - Irving 0
BOTTOM OF THE 2ND
Irving Blue Sox batting - Pitching for Bethesda Atoms : LHP Phil Miller
Batting: RHB Wessel Wemerman 0-0: Called Strike
0-1: Foul Ball, location: 2F
0-2: Foul Ball, location: 2F
0-2: Foul Ball, location: 2F
0-2: Foul Ball, location: 2F
0-2: SINGLE (Groundball, 5S) (infield hit)
Batting: SHB John Clayton 0-0: Ball
1-0: Foul Ball, location: 2F
1-1: Ball
2-1: Fly out, F9 (Flyball, 89S)
Batting: RHB Scott Donlan 0-0: Ball
1-0: Called Strike
1-1: Ball
2-1: Ball
3-1: Base on Balls
Wessel Wemerman to second
Batting: RHB Eisse Cals 0-0: Called Strike
0-1: Fly out, F4 (Popup, 4)
Batting: SHB Lúcio Gonzáles 0-0: Ball
1-0: Called Strike
1-1: Fly out, F7 (Flyball, 7S)
Bottom of the 2nd over - 0 run(s), 1 hit(s), 0 error(s), 2 left on base; Bethesda 2 - Irving 0
TOP OF THE 3RD
Bethesda Atoms batting - Pitching for Irving Blue Sox : RHP Anastasio Enríquez
Batting: LHB Javier Antonio 0-0: Called Strike
0-1: Swinging Strike
0-2: Ball
1-2: Foul Ball, location: 2F
1-2: Ball
2-2: Ball
3-2: DOUBLE (Flyball, 8RXD)
Batting: RHB Enrique Ibarra 0-0: Ball
1-0: Ball
2-0: Fly out, F9 (Flyball, 9LSF)
Now in RF: Eduardo Santos
Batting: SHB Nuygen Vuong 0-0: Called Strike
0-1: Swinging Strike
0-2: Ground out 1-3 (Groundball, P)
Javier Antonio to third
Batting: RHB Albert Zamudio 0-0: Fly out, F7 (Flyball, 7)
Top of the 3rd over - 0 run(s), 1 hit(s), 0 error(s), 1 left on base; Bethesda 2 - Irving 0
BOTTOM OF THE 3RD
Irving Blue Sox batting - Pitching for Bethesda Atoms : LHP Phil Miller
Batting: RHB Sung-min Pae 0-0: Fly out, F9 (Line Drive, 9)
Batting: RHB José Costello 0-0: Ball
1-0: Ground out 6-3 (Groundball, 6)
Batting: RHB Abel Boga 0-0: Called Strike
0-1: Ball
1-1: Ball
2-1: Called Strike
2-2: Foul Ball, location: 2F
2-2: Ball
3-2: SINGLE (Groundball, 6MD)
Batting: RHB Cisco Hernández 0-0: Ball
1-0: Ball
2-0: Ball
3-0: Called Strike
3-1: Foul Ball, location: 2F
3-2: Foul Ball, location: 2F
3-2: Foul Ball, location: 2F
3-2: SINGLE (Groundball, 56S) (infield hit)
Abel Boga to second
Batting: RHB Eduardo Santos 0-0: Foul Ball, location: 2F
0-1: SINGLE (Groundball, 6D)
Abel Boga to third
Cisco Hernández to second
Runner from 3rd tries for Home, SAFE, no throw
Batting: SHB John Clayton 0-0: Foul Ball, location: 2F
0-1: Ball
1-1: Ball
2-1: Ball
3-1: DOUBLE (Line Drive, 7LM)
Cisco Hernández scores
Eduardo Santos to third
Batting: RHB Scott Donlan 0-0: Ball
1-0: Ground out 6-3 (Groundball, 6S)
Bottom of the 3rd over - 2 run(s), 4 hit(s), 0 error(s), 2 left on base; Bethesda 2 - Irving 2
TOP OF THE 4TH
Bethesda Atoms batting - Pitching for Irving Blue Sox : RHP Anastasio Enríquez
Batting: SHB Pedro Ortega 0-0: Swinging Strike
0-1: Ball
1-1: Ground out 6-3 (Groundball, 6MD)
Batting: RHB Juan Camacho 0-0: Ball
1-0: Foul Ball, location: 2F
1-1: Foul Ball, location: 2F
1-2: Strikes out swinging
Batting: RHB Raúl Francisco 0-0: SINGLE (Groundball, 56D)
Batting: RHB Renato Zuvic 0-0: Ball
1-0: Called Strike
1-1: Called Strike
1-2: Ball
Raúl Francisco steals 2nd base
2-2: Ball
3-2: Ground out 4-3 (Groundball, 4)
Top of the 4th over - 0 run(s), 1 hit(s), 0 error(s), 1 left on base; Bethesda 2 - Irving 2
BOTTOM OF THE 4TH
Irving Blue Sox batting - Pitching for Bethesda Atoms : LHP Phil Miller
Batting: RHB Eisse Cals 0-0: Ball
1-0: Called Strike
1-1: Called Strike
1-2: Strikes out looking
Batting: SHB Lúcio Gonzáles 0-0: Called Strike
0-1: Ball
1-1: Called Strike
1-2: Foul Ball, location: 2F
1-2: Fly out, F7 (Flyball, 7S)
Batting: RHB Sung-min Pae 0-0: Ground out 4-3 (Groundball, 4)
Bottom of the 4th over - 0 run(s), 0 hit(s), 0 error(s), 0 left on base; Bethesda 2 - Irving 2
TOP OF THE 5TH
Bethesda Atoms batting - Pitching for Irving Blue Sox : RHP Anastasio Enríquez
Batting: RHB José Leyva 0-0: Ball
1-0: Ball
2-0: Swinging Strike
2-1: Ball
3-1: DOUBLE (Groundball, 5L)
Batting: LHB Javier Antonio 0-0: Called Strike
0-1: Ball
1-1: Ball
2-1: Ball
3-1: Base on Balls
Batting: RHB Enrique Ibarra 0-0: Ball
1-0: DOUBLE (Line Drive, 7LM)
José Leyva scores
Javier Antonio to third
Pitching: RHP Louis Webber
Batting: SHB Nuygen Vuong 0-0: Ball
1-0: Ground out 6-3 (Groundball, 6)
Batting: RHB Albert Zamudio 0-0: Foul Ball, location: 2F
0-1: SINGLE (Flyball, 7S)
Javier Antonio scores
Enrique Ibarra to third
Runner from 3rd tries for Home, throw and OUT!
Albert Zamudio to second
Batting: SHB Pedro Ortega 0-0: Foul Ball, location: 2F
0-1: Ball
1-1: Swinging Strike
1-2: Foul Ball, location: 2F
1-2: Ball
2-2: Strikes out swinging
Top of the 5th over - 2 run(s), 3 hit(s), 0 error(s), 1 left on base; Bethesda 4 - Irving 2
BOTTOM OF THE 5TH
Irving Blue Sox batting - Pitching for Bethesda Atoms : LHP Phil Miller
Batting: RHB José Costello 0-0: Fly out, F7 (Flyball, 78S)
Batting: RHB Abel Boga 0-0: Ball
1-0: Ball
2-0: Ball
3-0: Called Strike
3-1: Base on Balls
Batting: RHB Cisco Hernández 0-0: Foul Ball, location: 2F
0-1: Ball
1-1: Foul Ball, location: 2F
1-2: Fielders Choice at 2nd, 6-4 (Groundball, 6)
Batting: RHB Eduardo Santos 0-0: Ball
1-0: Foul Ball, location: 2F
1-1: Ball
2-1: Ball
3-1: Swinging Strike
3-2: Base on Balls
Cisco Hernández to second
Batting: SHB John Clayton 0-0: Ball
1-0: Ball
2-0: SINGLE (Flyball, 9LM)
Cisco Hernández to third
Eduardo Santos to second
Batting: RHB Scott Donlan 0-0: Called Strike
0-1: Ball
1-1: Foul Ball, location: 2F
1-2: Strikes out swinging
Bottom of the 5th over - 0 run(s), 1 hit(s), 0 error(s), 3 left on base; Bethesda 4 - Irving 2
TOP OF THE 6TH
Bethesda Atoms batting - Pitching for Irving Blue Sox : RHP Louis Webber
Batting: RHB Juan Camacho 0-0: Ball
1-0: Ball
2-0: Bunted foul
2-1: Foul Ball, location: 2F
2-2: Ball
3-2: Strikes out looking
Batting: RHB Raúl Francisco 0-0: Swinging Strike
0-1: Swinging Strike
0-2: Strikes out swinging
Batting: RHB Renato Zuvic 0-0: Called Strike
0-1: Ball
1-1: Ball
2-1: Foul Ball, location: 2F
2-2: Foul Ball, location: 2F
2-2: Foul Ball, location: 2F
2-2: Strikes out swinging
Top of the 6th over - 0 run(s), 0 hit(s), 0 error(s), 0 left on base; Bethesda 4 - Irving 2
BOTTOM OF THE 6TH
Irving Blue Sox batting - Pitching for Bethesda Atoms : LHP Phil Miller
Batting: RHB Eisse Cals 0-0: Ball
1-0: Ball
2-0: Foul Ball, location: 2F
2-1: Foul Ball, location: 2F
2-2: Fly out, F9 (Line Drive, 9)
Batting: SHB Lúcio Gonzáles 0-0: Ball
1-0: Ball
2-0: Called Strike
2-1: SINGLE (Groundball, 6MD)
Batting: RHB Sung-min Pae 0-0: Ball
1-0: Swinging Strike
1-1: Ball
2-1: Grounds into double play, 6-4-3 (Groundball, 6)
Bottom of the 6th over - 0 run(s), 1 hit(s), 0 error(s), 0 left on base; Bethesda 4 - Irving 2
TOP OF THE 7TH
Bethesda Atoms batting - Pitching for Irving Blue Sox : RHP Louis Webber
Batting: RHB José Leyva 0-0: Called Strike
0-1: Ball
1-1: Swinging Strike
1-2: Foul Ball, location: 2F
1-2: Strikes out looking
Batting: LHB Javier Antonio 0-0: Ball
1-0: Fly out, F9 (Flyball, 9D)
Batting: RHB Enrique Ibarra 0-0: Swinging Strike
0-1: Ball
1-1: Ball
2-1: Swinging Strike
2-2: Ball
3-2: Foul Ball, location: 2F
3-2: Foul Ball, location: 2F
3-2: Strikes out swinging
Top of the 7th over - 0 run(s), 0 hit(s), 0 error(s), 0 left on base; Bethesda 4 - Irving 2
BOTTOM OF THE 7TH
Irving Blue Sox batting - Pitching for Bethesda Atoms : LHP Phil Miller
Batting: RHB José Costello 0-0: Foul Ball, location: 2F
0-1: Foul Ball, location: 2F
0-2: Strikes out swinging
Batting: RHB Abel Boga 0-0: Ball
1-0: Ball
2-0: Called Strike
2-1: Fly out, F6 (Popup, 6)
Batting: RHB Cisco Hernández 0-0: Called Strike
0-1: Swinging Strike
0-2: Ball
1-2: Strikes out swinging
Bottom of the 7th over - 0 run(s), 0 hit(s), 0 error(s), 0 left on base; Bethesda 4 - Irving 2
TOP OF THE 8TH
Bethesda Atoms batting - Pitching for Irving Blue Sox : RHP Louis Webber
Batting: SHB Nuygen Vuong 0-0: Foul Ball, location: 2F
0-1: Ball
1-1: Fly out, F8 (Flyball, 8LS)
Batting: RHB Albert Zamudio 0-0: Ball
1-0: Foul Ball, location: 2F
1-1: Swinging Strike
1-2: SOLO HOME RUN (Flyball, 7D), Distance : 412 ft
Batting: SHB Pedro Ortega 0-0: SOLO HOME RUN (Flyball, 9D), Distance : 387 ft
Batting: RHB Juan Camacho 0-0: Ball
1-0: Foul Ball, location: 2F
1-1: Ball
2-1: Called Strike
2-2: Ball
3-2: SOLO HOME RUN (Flyball, 7D), Distance : 389 ft
Pitching: RHP Jon Schultz
Batting: RHB Raúl Francisco 0-0: Ball
1-0: Foul Ball, location: 2F
1-1: Ball
2-1: Ball
3-1: Base on Balls
Batting: RHB Renato Zuvic 0-0: Ground out 5-3 (Groundball, 56S)
Raúl Francisco to second
Batting: RHB José Leyva 0-0: Called Strike
0-1: Swinging Strike
0-2: Strikes out swinging
Top of the 8th over - 3 run(s), 3 hit(s), 0 error(s), 1 left on base; Bethesda 7 - Irving 2
BOTTOM OF THE 8TH
Irving Blue Sox batting - Pitching for Bethesda Atoms : LHP Phil Miller
Pitching: RHP Ashweather Cett
Now in CF: Bob Lambert
Batting: RHB Eduardo Santos 0-0: Ball
1-0: Foul Ball, location: 2F
1-1: Ball
2-1: Foul Ball, location: 2F
2-2: Ball
3-2: Foul Ball, location: 2F
3-2: SOLO HOME RUN (Flyball, 78XD), Distance : 438 ft
Batting: SHB John Clayton 0-0: Called Strike
0-1: Ground out U3 (Groundball, 34)
Batting: RHB Scott Donlan 0-0: Swinging Strike
0-1: Foul Ball, location: 2F
0-2: Hit by Pitch
Batting: RHB Eisse Cals 0-0: Ball
1-0: Fly out, F9 (Flyball, 9)
Batting: SHB Lúcio Gonzáles 0-0: Ball
1-0: Foul Ball, location: 2F
1-1: Fielders Choice at 2nd, 4-6 (Groundball, 34)
Bottom of the 8th over - 1 run(s), 1 hit(s), 0 error(s), 0 left on base; Bethesda 7 - Irving 3
TOP OF THE 9TH
Bethesda Atoms batting - Pitching for Irving Blue Sox : RHP Jon Schultz
Batting: LHB Javier Antonio 0-0: Called Strike
0-1: Fly out, F7 (Flyball, 78XD)
Batting: RHB Enrique Ibarra 0-0: Ball
1-0: Fly out, F8 (Flyball, 8LS)
Batting: SHB Nuygen Vuong 0-0: Called Strike
0-1: Ball
1-1: Reached on error, E9 (Flyball, 9S)
Batting: RHB Albert Zamudio 0-0: Called Strike
0-1: Swinging Strike
0-2: Ball
1-2: Ball
2-2: Ball
3-2: Strikes out swinging
Top of the 9th over - 0 run(s), 0 hit(s), 1 error(s), 1 left on base; Bethesda 7 - Irving 3
BOTTOM OF THE 9TH
Irving Blue Sox batting - Pitching for Bethesda Atoms : RHP Ashweather Cett
Pitching: LHP Holden Rosen Grupp
Batting: RHB Sung-min Pae 0-0: Ball
1-0: Ball
2-0: Ball
3-0: Called Strike
3-1: SINGLE (Line Drive, 7S)
Batting: RHB José Costello 0-0: Ball
1-0: Swinging Strike
1-1: Fly out, F7 (Flyball, 7)
Batting: RHB Abel Boga 0-0: Called Strike
0-1: SINGLE (Groundball, 56D)
Sung-min Pae to second
Batting: RHB Cisco Hernández 0-0: Foul Ball, location: 2F
0-1: Ball
1-1: Grounds into double play, 6-4-3 (Groundball, 6)
Bottom of the 9th over - 0 run(s), 2 hit(s), 0 error(s), 1 left on base; Bethesda 7 - Irving 3
Tuesday, August 22nd, 2017 - OOTP Baseball 17.12 Build 75